 Dungeon Crawl Stone Soup version 0.29.0-13-gc9e81de378 (webtiles) character file.

Game seed: 8532510170110287608

44 Artool the Cudgeller (level 3, -6/28 HPs)
             Began as a Demonspawn Gladiator on Sept 7, 2022.
             Killed from afar by a white imp (11 damage)
             ... with a puff of frost
             ... summoned by Natasha
             ... on level 2 of the Dungeon.
             The game lasted 00:05:06 (1252 turns).

Artool the Cudgeller (Demonspawn Gladiator)         Turns: 1252, Time: 00:05:07

Health: -6/28      AC:  8    Str: 16    XL:     3   Next: 41%
Magic:  3/3        EV: 10    Int: 15    God:
Gold:   82         SH:  0    Dex: 14    Spells: 2/2 levels left

rFire   . . .      SeeInvis .   j - +0 whip
rCold   . . .      Faith    .   (no shield)
rNeg    . . .      Spirit   .   n - +0 scale mail
rPois   .          Reflect  .   c - +0 helmet
rElec   .          Harm     .   (no cloak)
rCorr   .          Rampage  .   (no gloves)
Will    .....                   (no boots)
Stlth   ..........              m - amulet of the acrobat
HPRegen 0.09/turn               b - +6 ring of intelligence
MPRegen 0.08/turn               (no ring)

@: slowed, very slow
A: demonic guardian 1, sharp scales 1
a: no special abilities


You were on level 2 of the Dungeon.
You visited 1 branch of the dungeon, and saw 2 of its levels.

You collected 82 gold pieces.

Inventory:

Hand Weapons
 j - a +0 whip (weapon)
Missiles
 d - 3 throwing nets (quivered)
 e - a javelin
Armour
 c - a +0 helmet (worn)
 n - a +0 scale mail (worn)
Jewellery
 b - a +6 ring of intelligence (left hand)
 m - an amulet of the acrobat (around neck)
Wands
 a - a wand of polymorph (10)
Scrolls
 h - 2 scrolls of teleportation {unknown}
 i - a scroll of identify {unknown}
Potions
 f - a potion of berserk rage {unknown}
 g - a potion of resistance {unknown}
 k - a potion of degeneration {unknown}
 l - a potion of magic {unknown}


   Skills:
 + Level 2.4 Fighting
 + Level 3.1 Maces & Flails
 - Level 2.0 Throwing
 + Level 1.1 Armour
 + Level 3.0 Dodging


You had 2 spell levels left.
You didn't know any spells.
Your spell library was empty.

Dungeon Overview and Level Annotations

Branches:
Dungeon (2/15)

Altars:
Gozag

Annotations:
D:2 Natasha


Innate Abilities, Weirdness & Mutations

A weak demonic guardian rushes to your aid.
You are partially covered in razor-sharp scales. (AC +1, Slay +1)


Message History

The white imp gestures at you.
The puff of frost hits you but does no damage.
You closely miss Natasha.
Natasha is heavily wounded.
Natasha barely misses you. The white imp gestures at you.
The puff of frost hits you. Natasha claws you.
You barely miss Natasha.
Natasha is heavily wounded.
The white imp shouts, "Submit, thou fulsome dismal-dreaming gonus!"
The white imp hits you but does no damage.
Natasha mumbles some strange words.
The white imp hits you but does no damage.
You hit Natasha.
Natasha is severely wounded.
Natasha misses you.
The white imp hits you but does no damage.
Natasha claws you but does no damage.
You barely miss Natasha.
Natasha is severely wounded.
The white imp gestures at you. The puff of frost misses you.
The white imp grinds its teeth.
The white imp gestures at you. The puff of frost hits you!
Natasha claws you but does no damage.
You barely miss Natasha.
Natasha is severely wounded.
The white imp hits you but does no damage.
The white imp hits you.
* * * LOW HITPOINT WARNING * * *
The white imp freezes you.
* * * LOW HITPOINT WARNING * * *
A demonic guardian appears!
Natasha claws you but does no damage. The white imp closely misses you.
The white imp barely misses you.
You hit Natasha.
Natasha is severely wounded.
Natasha closely misses you. The white imp gestures at you.
The puff of frost hits you!
You die...

#.#####.......#
##.#####.####..# #
#....)...# #..#
#.##..####### #..#
#.#...##########..#
#.................#
##......5#########.#
........5.# #.######
###.....5@# #.......
##....h########
###.....
##....(.$.h...
#.#... ##.##########
#.#.## #. #.#.# #.
#.#.# #. ..#.# ###..
##.


You could see Natasha, 2 white imps and a friendly white imp (summoned).

Vanquished Creatures
  An adder (D:2)
  A dart slug (D:1)
  4 ball pythons (D:1)
  A bat (D:2)
  An endoplasm (D:1)
  4 goblins
  3 hobgoblins
  3 jackals (D:1)
  3 kobolds
  2 quokkas
  3 frilled lizards (D:1)
  4 rats
30 creatures vanquished.

Notes
Turn   | Place    | Note
-------+----------+-------------------------------------------
     0 | D:1      | Artool the Demonspawn Gladiator began the quest for the
                  | Orb.
     0 | D:1      | Reached XP level 1. HP: 16/16 MP: 1/1
    60 | D:1      | Gained mutation: You are partially covered in razor-sharp
                  | scales. (AC +1, Slay +1) [demonic ancestry]
    60 | D:1      | Reached XP level 2. HP: 16/22 MP: 2/2
   814 | D:2      | Reached skill level 1 in Armour
   814 | D:2      | Gained mutation: A weak demonic guardian rushes to your
                  | aid. [demonic ancestry]
   814 | D:2      | Reached XP level 3. HP: 19/28 MP: 3/3
   963 | D:2      | Found an opulent altar of Gozag.
  1232 | D:2      | Noticed Natasha
  1252 | D:2      | Killed from afar by a white imp

Illustrated notes

Levels and vault maps discovered:
D:1:      mainiacjoe_arrival_reflecting_pool, layout_rooms,
          hangedman_decor_lopped
D:2:      layout_loops_ring, basic_altar, uniq_natasha, uniq_sigmund

Skill      XL: |  1  2 |
---------------+-------+-----
Throwing       | 2 |  2.0
Maces & Flails | 3 |  3.1
Armour         | 1 |  1.1
Dodging        | 3 |  3.0
Fighting       | |  2.4

Action                   || total
-------------------------++-------
Melee: Flail             ||    19
       Whip              ||    95
Armor: Leather armour    ||    15
       Scale mail        ||    33
Dodge: Dodged            ||    76
